 Dungeon Crawl Stone Soup version 0.30-a0-728-gc68057be0a (webtiles) character file.

Game seed: 9230363155505902421

11 drugrobin the Sneak (level 2, -2/26 HPs)
             Began as a Demigod Delver on Jan 31, 2023.
             Killed from afar by an orc wizard (7 damage)
             ... with a magic dart
             ... on level 3 of the Dungeon.
             The game lasted 00:01:13 (179 turns).

drugrobin the Sneak (Demigod Delver)                 Turns: 179, Time: 00:01:14

Health: -2/26      AC:  3    Str: 13    XL:     2   Next: 6%
Magic:  4/4        EV: 11    Int: 16    God:
Gold:   0          SH:  0    Dex: 15    Spells: 1/1 levels left

rFire   . . .      SeeInvis .    b - +5 short sword "Conservator" {heavy, Will+ Int+4}
rCold   . . .      Faith    .    (no shield)
rNeg    . . .      Spirit   .    a - +0 leather armour
rPois   .          Reflect  .    (no helmet)
rElec   .          Harm     .    (no cloak)
rCorr   .          Rampage  .    (no gloves)
Will    +....                    (no boots)
Stlth   +++                      (no amulet)
HPRegen 0.24/turn                (no ring)
MPRegen 0.09/turn                (no ring)

@: no status effects
A: high MP 1, forlorn, divine attributes
a: no special abilities


You were on level 3 of the Dungeon.
You visited 1 branch of the dungeon, and saw 3 of its levels.

Inventory:

Hand Weapons
 b - the +5 short sword "Conservator" (weapon) {heavy, Will+ Int+4}
   (You found it on level 5 of the Dungeon)

   Int:       It affects your intelligence (+4).
   Will:      It increases your willpower.
Armour
 a - a +0 leather armour (worn)
Wands
 f - a wand of digging (3)
Scrolls
 c - a scroll of magic mapping
 d - a scroll of identify {unknown}
 g - a scroll of fog
Potions
 e - a potion of haste


   Skills:
 + Level 3.0 Fighting
 - Level 1.7 Dodging
 - Level 4.5 Stealth
 + Level 2.3 Unarmed Combat


You had one spell level left.
You didn't know any spells.
Your spell library was empty.

Dungeon Overview and Level Annotations

Branches:
Dungeon (5/15)
 Temple: D:4-7


Innate Abilities, Weirdness & Mutations

You have an increased reservoir of magic. (+10% MP)
You shall have no god before yourself.
Your divine heritage dramatically boosts your attributes as you level up.


Message History

You hear a bark!
Unknown command.
The jackal barks!
You puncture the orc!
The orc is almost dead.
The orc barely misses you.
A goblin comes into view. It is wielding a +0 dagger.
The orc hits you with a +0 dagger.
Unknown command.
You puncture the orc!
You kill the orc!
Unknown command.
Unknown command.
You hit the orc.
The orc is heavily wounded.
A jackal comes into view.
The orc hits you but does no damage. The orc hits you with a +0 dagger.
An orc comes into view. It is wielding a +0 whip.
You puncture the orc!
You kill the orc!
The jackal bites you.
You have reached level 2!
Unknown command.
You hit the jackal.
You kill the jackal!
Something hits you. Something burns you.
Your Fighting skill increases to level 3!
Unknown command.
Unknown command.
You barely miss something. Something hits you. Something burns you.
You hit something but do no damage.
An orc comes into view. It is wielding a +0 short sword.
Something hits you.
* * * LOW HITPOINT WARNING * * *
Something burns you.
* * * LOW HITPOINT WARNING * * *
You hear some strange, mumbled words.
A magic dart appears from out of thin air!
The magic dart hits you!
You die...

........# ........# ........#
############ ........#
#........... ........#
#....o.....[ ..#####.#
#........... ..#####.#
#.........#
..>)....##########g........##
#...............@{h..........
#...............##o.........#
#####......)....##..........#
#.......#.#.##...........
#............####.####...
#.......#.#...# #... ..
#.............# ##.#. g
#.............# ...
#...........###


You could see 2 orcs, a jackal and a goblin.

Vanquished Creatures
  2 orcs (D:3)
  A ball python (D:3)
  2 hobgoblins
  A jackal (D:3)
  2 kobolds (D:3)
  A rat (D:3)
9 creatures vanquished.

Notes
Turn   | Place    | Note
-------+----------+-------------------------------------------
     0 | D:5      | drugrobin the Demigod Delver began the quest for the Orb.
     0 | D:5      | Reached XP level 1. HP: 18/18 MP: 3/3
     6 | D:5      | Noticed an iguana
     7 | D:5      | Identified the +5 short sword "Conservator" {heavy, Will+
                  | Int+4}
   164 | D:3      | Noticed an orc wizard
   177 | D:3      | Reached XP level 2. HP: 15/25 MP: 4/4
   179 | D:3      | Killed from afar by an orc wizard

Illustrated notes

Levels and vault maps discovered:
D:3:      layout_basic, serial_glass, glass_columns_b, glass_columns_a
D:4:      layout_loops_ring
D:5:      layout_basic, serial_bayou, serial_bayou_crossing,
          serial_bayou_shore_a, serial_bayou_ford_a, serial_bayou_pond_b,
          kennysheep_cross_room

Skill      XL: |  1  2 |
---------------+-------+-----
Unarmed Combat | 2 |  2.3
Fighting       | 3 |  3.0
Dodging        | |  1.7
Stealth        | |  4.5

Action                     || total
---------------------------++-------
  Melee: Short sword       ||    16
    Use: Scroll            ||     1
   Stab: Sleeping          ||     1
 Armour: Leather armour    ||     2
  Dodge: Dodged            ||     4

Table legend: (Time is in decaauts)
 A = Elapsed time spent in this place.
 B = Non-inter-level travel time spent in this place.
 C = Inter-level travel time spent in this place.
 D = Time resting spent in this place.
 E = Time spent auto-exploring this place.
 F = Levels seen in this place.
 G = Mean time per level.
                   A        B        C        D        E       F      G
               +--------+--------+--------+--------+--------+-----+--------+
         Total |    185 |    185 |      0 |     45 |     40 |   3 |   61.7 |
       Dungeon |    185 |    185 |      0 |     45 |     40 |   3 |   61.7 |
               +--------+--------+--------+--------+--------+-----+--------+

Top non-repeatable levels by time:
     D:3: 87 daAuts
     D:4: 82 daAuts
     D:5: 16 daAuts
